Map: Catalyst LE

Players

Jake - Winner!

  • Race: Zerg Zerg
  • League: Diamond
  • Spawn Location: 11:00

ojjlj

  • Race: Terran Terran
  • League: Diamond
  • Spawn Location: 5:00

VOD

Have the link to the VOD?

Description

kinda long, if not enough time tonight, no worries!! you rule man!

Time

  • Played on: Nov. 25, 2017, 2:37 p.m.
  • Length: 22:02
Show
View Real Time Build Order
Export as new Build Order

Jake Zerg - Winner!

Build Orders: Hatch First 

Get SALT Encoding   

  12  0:01  Drone  
  13  0:13  Overlord  
  13  0:18  Drone  
  14  0:31  Drone x2  
  14  0:35  Drone  
  17  0:52  Hatchery  
  17  0:55  Drone  
  17  0:59  Drone  
  18  1:11  Extractor  
  17  1:15  Spawning Pool  
  17  1:16  Drone  
  17  1:20  Drone  
  18  1:29  Drone  
  19  1:39  Overlord  
  19  1:50  Drone  
  20  2:02  Queen  
  20  2:03  Drone  
  20  2:06  Queen  
  20  2:07  Drone  
  26  2:13  Zergling x2  
  26  2:14  Metabolic Boost  
  28  2:15  Zergling x2  
  28  2:27  Drone  
  28  2:28  Overlord  
  29  2:36  Drone  
  30  2:38  Drone  
  30  2:41  Queen  
  33  2:45  Drone  
  33  2:50  Drone  
  35  2:53  Queen  
  35  2:54  Overlord  
  37  3:01  Drone  
  38  3:07  Drone  
  39  3:18  Zergling x6  
  39  3:19  Zergling x4  
  42  3:24  Drone x3  
  45  3:33  Drone x2  
  47  3:38  Roach Warren, Lair  
  47  3:40  Extractor  
  45  3:45  Zergling x4  
  47  3:48  Overlord  
  47  3:49  Overlord  
  47  3:54  Zergling x8  
  45  4:21  Roach x5  
  45  4:22  Overlord  
  55  4:24  Drone x4  
  55  4:25  Drone  
  60  4:34  Roach x2  
  52  5:04  Overlord x3  
  52  5:06  Roach x2  
  52  5:07  Roach  
  58  5:15  Drone  
  58  5:16  Drone, Extractor  
  58  5:17  Extractor  
  58  5:20  Hatchery  
  57  5:25  Roach  
  57  5:26  Roach x3  
  55  5:51  Glial Reconstitution  
  55  5:59  Drone x3  
  55  6:00  Drone x3  
  44  6:26  Drone x3  
  44  6:29  Extractor  
  46  6:36  Drone x2  
  46  6:37  Drone  
  49  6:40  Drone x2  
  49  6:45  Drone  
  52  6:54  Ravager x4  
  52  6:58  Drone  
  55  7:02  Drone  
  48  7:37  Drone x5  
  48  7:38  Drone x3  
  48  7:41  Queen x2  
  57  7:55  Roach x3  
  63  8:04  Overseer  
  63  8:16  Drone x6  
  67  8:22  Ravager  
  67  8:24  Ravager  
  67  8:25  Drone  
  62  9:01  Ravager  
  56  9:10  Roach x5  
  56  9:11  Roach x6  
  56  9:13  Ravager  
  56  9:14  Roach x2  
  74  9:47  Roach x8  
  74  9:48  Roach x4  
  95  9:57  Roach  
  97  10:04  Spire  
  94  10:07  Drone x2  
  94  10:09  Extractor x2  
  82  10:52  Overseer  
  82  10:56  Overlord  
  82  11:19  Mutalisk x2  
  82  11:20  Mutalisk x6  
  82  11:24  Overlord x4  
  91  11:56  Ravager  
  91  11:57  Ravager x8  
  91  11:59  Roach  
  91  12:00  Zergling x2  
  91  12:01  Zergling x14  
  88  12:25  Roach  
  88  12:26  Roach x2  
  74  12:55  Roach x4  
  68  13:21  Roach x4  
  65  13:27  Roach  
  65  13:31  Drone  
  62  13:38  Drone  
  63  13:42  Mutalisk  
  63  13:45  Zergling x2  
  66  13:54  Roach  
  66  13:55  Roach  
  70  14:11  Roach x4  
  65  14:38  Roach  
  65  14:39  Roach x6  
  65  14:41  Drone  
  78  14:49  Drone  
  78  14:50  Drone x2  
  67  15:11  Roach x4  
  67  15:12  Roach x2  
  79  15:18  Roach x2  
  83  15:22  Drone x2  
  83  15:23  Drone  
  86  15:29  Drone x2  
  86  15:32  Drone x2  
  90  15:56  Mutalisk x2  
  90  15:57  Mutalisk x3  
  90  16:00  Roach x2  
  90  16:14  Roach  
  90  16:17  Roach  
  90  16:18  Roach x6  
  94  16:23  Roach x2  
  88  16:27  Zergling x6  
  88  16:28  Zergling x2  
  88  16:31  Drone x2  
  87  16:57  Drone x4  
  87  16:58  Drone x2  
  87  17:02  Drone x4  
  87  17:04  Hatchery  
  88  17:09  Drone x5  
  88  17:10  Drone x2  
  89  17:27  Drone x2  
  89  17:28  Drone x7  
  98  17:30  Queen  
  98  17:31  Drone  
  101  17:39  Roach x3  
  107  17:52  Roach  
  107  17:53  Mutalisk x4  
  115  18:02  Roach  
  115  18:03  Roach x2  
  116  18:11  Zergling x6  
  114  18:13  Extractor, Overlord x2  
  105  18:25  Zergling x8  
  105  18:26  Zergling x10  
  105  18:27  Zergling x2  
  109  18:54  Roach x7  
  109  18:55  Roach  
  125  19:18  Roach x3  
  125  19:21  Roach x6  
  127  19:25  Overlord x2  
  127  19:27  Overlord x4  
  111  19:48  Roach x7  
  111  19:49  Roach x2  
  117  20:02  Roach x2  
  117  20:03  Roach x5  
  129  20:08  Ravager  
  129  20:14  Drone x7  
  133  20:15  Drone  
  132  20:40  Ravager x5  
  131  21:03  Drone x4  
  133  21:07  Infestation Pit  
  133  21:10  Queen x4  
  133  21:11  Evolution Chamber  
  139  21:12  Drone x7, Evolution Chamber  
  139  21:13  Drone x3  
  139  21:41  Roach  
  139  21:42  Roach x12  
  139  21:43  Roach  
Show
View Real Time Build Order
Export as new Build Order

ojjlj Terran 

Build Orders: 1/1/1, Mech 

Get SALT Encoding   

  12  0:00  SCV  
  13  0:13  SCV  
  14  0:17  Supply Depot  
  14  0:25  SCV  
  15  0:37  Refinery  
  15  0:39  SCV  
  16  0:45  Barracks  
  16  0:51  Refinery  
  16  0:55  SCV  
  17  1:07  SCV  
  18  1:19  SCV  
  19  1:35  Factory, Barracks Reactor  
  19  1:38  Orbital Command  
  19  1:49  Supply Depot  
  19  2:04  Ghost Academy  
  19  2:21  Starport  
  19  2:27  Hellion  
  21  2:32  Hellion  
  21  2:34  SCV  
  23  2:45  Barracks Tech Lab  
  23  2:47  SCV  
  24  2:59  Supply Depot  
  24  3:01  Medivac  
  24  3:04  Ghost  
  28  3:17  SCV  
  28  3:25  Hellion  
  30  3:29  SCV  
  31  3:34  Hellion  
  31  3:40  Nuke  
  33  3:47  Marine  
  34  4:20  Hellion  
  34  4:21  Hellion  
  38  4:27  Supply Depot  
  38  4:29  Starport Reactor  
  38  4:41  Command Center  
  38  4:42  Hellion  
  38  4:45  Hellion  
  38  4:51  Nuke  
  38  4:59  SCV  
  37  5:06  Supply Depot  
  44  5:07  Liberator  
  37  5:13  SCV  
  38  5:19  Factory  
  38  5:21  Factory  
  38  5:25  SCV  
  42  5:32  Liberator  
  42  5:33  Supply Depot  
  39  5:50  Hellion  
  39  5:51  SCV  
  38  6:11  Nuke  
  38  6:12  SCV  
  38  6:14  Factory Tech Lab x2  
  38  6:17  Orbital Command  
  39  6:25  SCV  
  40  6:37  SCV  
  41  6:42  Supply Depot, Siege Tank x2  
  47  6:49  SCV  
  44  7:39  SCV x2  
  44  7:40  Command Center  
  44  7:44  Armory x2  
  46  7:51  SCV x2  
  47  8:03  Nuke  
  47  8:05  SCV  
  47  8:06  SCV  
  49  8:18  SCV  
  50  8:33  Hellion x2  
  53  8:34  Siege Tank  
  53  8:38  Terran Vehicle Weapons Level 1, Terran Vehicle And Ship Armor Level 1  
  53  8:40  SCV x2  
  56  8:48  Refinery x2  
  53  8:52  SCV  
  43  9:14  Hellion x4  
  51  9:32  Ghost  
  53  9:48  SCV x2  
  53  9:50  Orbital Command  
  53  9:53  Command Center  
  48  10:00  SCV  
  48  10:02  Bunker x2  
  48  10:04  Supply Depot  
  49  10:07  Bunker  
  49  10:08  Bunker  
  40  10:20  Liberator  
  35  10:36  Cyclone x2, Orbital Command  
  35  10:37  Cyclone x2  
  50  10:58  Terran Vehicle And Ship Armor Level 2  
  50  11:00  SCV x2  
  52  11:14  Supply Depot, Bunker x2  
  52  11:16  Viking  
  54  11:20  Viking  
  56  11:29  Marine  
  56  11:31  Hellion x4  
  65  11:58  Engineering Bay  
  65  12:01  Thor  
  59  12:02  Widow Mine x3  
  59  12:04  SCV  
  59  12:05  SCV x2  
  74  12:14  Hellion  
  71  12:16  SCV  
  71  12:17  SCV  
  49  12:55  Marine  
  49  12:56  Hellion x4  
  46  13:12  Marine  
  39  13:30  Missile Turret x2  
  39  13:33  Missile Turret  
  32  13:56  Hellion x3  
  32  13:57  Hellion  
  32  14:00  Missile Turret x2  
  32  14:01  Missile Turret x2  
  40  14:03  Missile Turret  
  40  14:05  Missile Turret  
  38  14:13  Viking x2  
  32  14:32  Thor  
  32  14:33  Hellion x2  
  32  14:34  Hellion  
  34  15:12  Hellion x3  
  40  15:15  SCV x3  
  40  15:16  Hellion  
  45  15:27  SCV x2  
  47  15:30  SCV  
  47  15:33  Refinery  
  47  15:35  Hellion x2, Refinery  
  52  15:37  Missile Turret  
  52  15:38  Missile Turret, Medivac x2  
  52  15:39  SCV  
  52  15:40  Hellion, Missile Turret  
  52  15:41  Hellion  
  59  16:08  Viking  
  49  16:27  Hellion  
  49  16:28  Hellion x2  
  55  16:38  Viking  
  55  16:44  Planetary Fortress  
  44  17:20  Terran Vehicle And Ship Armor Level 3  
  44  17:22  Hellion x2  
  52  17:23  Hellion x2  
  52  17:26  SCV x2  
  54  17:39  Infernal Pre-Igniter  
  57  18:12  Siege Tank  
  55  18:50  Terran Vehicle Weapons Level 2  
  55  18:54  SCV x4  
  59  19:01  Thor  
  59  19:02  Hellion x2  
  69  19:03  Hellion  
  69  19:06  SCV  
  19  20:09  Cyclone x3  
  19  20:11  Orbital Command  
  14  21:03  Hellion x4  
  17  21:05  SCV  
  18  21:17  SCV  
  16  21:30  SCV  
  9  21:42  SCV  
Tags
 
Composition
Mech
Matchup
TvZ
Spawn Locations
Cross Positions
Add a new tag
Caveats
  • Supply blocks, unpowered buildings, or Contaminate may cause inaccurate times.
  • Supply counts are checked every 10 seconds.